 Dungeon Crawl Stone Soup version 0.28.0-45-g0d030f2227 (webtiles) character file.

Game seed: 4507740589717945094

98 Calamitas the Skirmisher (level 4, -1/41 HPs)
             Began as a Hill Orc Fighter on Apr 11, 2022.
             Was an Initiate of the Shining One.
             Killed from afar by Natasha (5 damage)
             ... with a magic dart
             ... on level 3 of the Dungeon.
             The game lasted 00:18:34 (2180 turns).

Calamitas the Skirmisher (Hill Orc Fighter)         Turns: 2180, Time: 00:18:35

Health: -1/41      AC:  7    Str: 20    XL:     4   Next: 69%
Magic:  4/4        EV:  9    Int:  8    God:    the Shining One [......]
Gold:   155        SH:  4    Dex: 10    Spells: 3/3 levels left

rFire   . . .      SeeInvis .   a - +0 long sword
rCold   . . .      Faith    .   c - +0 buckler
rNeg    . . .      Spirit   .   b - +0 scale mail
rPois   .          Reflect  .   (no helmet)
rElec   .          Harm     .   (no cloak)
rCorr   .          Rampage  .   (no gloves)
Will    .....                   (no boots)
Stlth   ..........              (no amulet)
HPRegen 0.13/turn               s - ring of wizardry
MPRegen 0.09/turn               (no ring)

@: slowed, glowing, very slow
A: no striking features
a: Renounce Religion


You were on level 3 of the Dungeon.
You worshipped the Shining One.
The Shining One was noncommittal.
You visited 1 branch of the dungeon, and saw 3 of its levels.

You collected 155 gold pieces.

Inventory:

Hand Weapons
 a - a +0 long sword (weapon)
 f - a +0 club
 m - a +4 short sword
 n - a +0 hand axe
Missiles
 e - 70 bolts
 h - 84 stones (quivered)
 k - 18 arrows
Armour
 b - a +0 scale mail (worn)
 c - a +0 buckler (worn)
 g - a +0 leather armour
 w - a +0 ring mail
Magical Staves
 u - a staff of air
Jewellery
 s - a ring of wizardry (left hand)
Scrolls
 i - 2 scrolls of enchant armour {unknown}
 q - a scroll of fear {unknown}
 t - a scroll of identify {unknown}
 v - a scroll of teleportation {unknown}
Potions
 d - 2 potions of might
 j - 2 potions of ambrosia {unknown}
 l - a potion of lignification {unknown}
 o - a potion of brilliance {unknown}
 p - 2 potions of haste {unknown}
 r - a potion of curing {unknown}


   Skills:
 + Level 4.3 Fighting
 + Level 3.5 Long Blades
 + Level 3.8 Armour
 + Level 0.4 Dodging
 + Level 3.8 Shields


You had 3 spell levels left.
You didn't know any spells.
Your spell library contained the following spells:

 Spells                   Type           Power      Damage    Failure   Level
 Summon Forest            Summ/Tloc      0%         N/A       100%        5
 Summon Mana Viper        Hex/Summ       0%         N/A       100%        5
 Summon Cactus Giant      Summ           0%         N/A       100%        6


Dungeon Overview and Level Annotations

Branches:
Dungeon (3/15)

Altars:
The Shining One

Shops:
D:1 ?   D:2 (

Annotations:
D:3 Natasha


Message History

Natasha is moderately wounded.
The white imp hits you but does no damage.
Natasha casts a spell.
You miss Natasha.
Natasha is moderately wounded.
The white imp summons a swarm of flies.
The white imp hits you but does no damage.
Natasha extends her claws.
Natasha claws you.
The crimson imp blinks!
You closely miss Natasha.
Natasha is moderately wounded.
The white imp hits you but does no damage.
Natasha barely misses you. The white imp hits you.
* * * LOW HITPOINT WARNING * * *
The white imp freezes you.
* * * LOW HITPOINT WARNING * * *
You block Natasha's attack.
You miss Natasha.
Natasha is moderately wounded.
You block the white imp's attack. Natasha claws you!
* * * LOW HITPOINT WARNING * * *
The white imp gestures at you. The puff of frost hits you.
The Shining One protects you from harm!
Natasha growls.
Natasha barely misses you.
The crimson imp blinks!
The crimson imp blinks!
Natasha claws you but does no damage. The white imp gestures at you.
The puff of frost hits you. The Shining One protects you from harm!
There is an open door here.
Natasha stares at you and mumbles some strange words.
You feel yourself slow down.
The crimson imp blinks!
Natasha casts a spell.
There is a stone staircase leading down here.
There is a stone staircase leading up here.
Natasha stares at you and mumbles some strange words.
The magic dart hits you.
You die...

#.....§...#.......##.......#
#.........#................#
###.>.....5.'................+
#...........#.......##.......###
#.........5.'.......'...........
#...........#.......##..........
#####.......#..5....##........).
#.......#..h....##..........
#.....#####@################
####### ### #.......#
#####.......# #...........#
#...........' #...........#
#...........# #.....†......
#............


You could see Natasha, a crimson imp (summoned) and a shadow imp (summoned).

Vanquished Creatures
  3 adders (D:2)
  5 dart slugs
  8 endoplasms
  3 giant cockroaches
  10 hobgoblins
  3 jackals (D:1)
  3 quokkas
  2 ball pythons (D:1)
  5 bats
  A frilled lizard (D:1)
  6 goblins
  2 kobolds
  5 rats
56 creatures vanquished.

Vanquished Creatures (others)
  A fungus (D:1)
1 creature vanquished.

Grand Total: 57 creatures vanquished

Notes
Turn   | Place    | Note
-------+----------+-------------------------------------------
     0 | D:1      | Calamitas the Hill Orc Fighter began the quest for the Orb.
     0 | D:1      | Reached XP level 1. HP: 19/19 MP: 1/1
   143 | D:1      | Reached XP level 2. HP: 27/27 MP: 2/2
   184 | D:1      | Reached skill level 4 in Fighting
   252 | D:1      | Reached XP level 3. HP: 10/33 MP: 3/3
   385 | D:1      | Found Tosussow's Magic Scroll Shoppe.
   836 | D:2      | Found Uzithoust's Antique Weapon Boutique.
   887 | D:2      | Reached XP level 4. HP: 26/40 MP: 4/4
  1043 | D:2      | Found a glowing golden altar of the Shining One.
  1055 | D:2      | Became a worshipper of the Shining One
  1488 | D:2      | Found a faded altar of an unknown god.
  2156 | D:3      | Noticed Natasha
  2170 | D:3      | The Shining One protects you from harm!
  2174 | D:3      | The Shining One protects you from harm!
  2180 | D:3      | Killed from afar by Natasha

Illustrated notes

Levels and vault maps discovered:
D:1:      onia_arrival_mini_maze_b, layout_basic, serial_shops, shop
D:2:      layout_loops_corners, basic_altar, serial_shops,
          nicolae_shop_hallway_plus, basic_ecumenical_altar
D:3:      layout_basic, evilmike_ruin_ashenzari, uniq_natasha, uniq_ijyb,
          uniq_jessica

Skill      XL: |  1  2  3 |
---------------+----------+-----
Fighting       | 4 |  4.3
Long Blades    | 3 |  3.5
Armour         | |  3.8
Dodging        | |  0.4
Shields        | |  3.8

Action                   |  1- 3 |  4- 6 || total
-------------------------+-------+-------++-------
Melee: Long sword        |   106 |    63 ||   169
Armor: Scale mail        |    40 |    23 ||    63
Dodge: Dodged            |    45 |    31 ||    76
Block: Buckler           |    21 |    14 ||    35
